 Dungeon Crawl Stone Soup version 0.30-a0-439-g9e77e4d916 (webtiles) character file.

Game seed: 4497873385941375910

554 PyroL the Grave Robber (level 7, -1/46 HPs)
             Began as a Demonspawn Necromancer on Dec 10, 2022.
             Slain by a wight
             ... wielding a +3 trident of freezing
              (7 damage)
             ... on level 6 of the Dungeon.
             The game lasted 00:09:53 (4630 turns).

PyroL the Grave Robber (Demonspawn Necromancer)     Turns: 4630, Time: 00:09:55

Health: -1/46      AC:  2    Str:  9    XL:     7   Next: 8%
Magic:  0/14       EV: 12    Int: 18    God:
Gold:   271        SH:  4    Dex: 15    Spells: 7/15 levels left

rFire   . . .      SeeInvis .    y - +2 glaive of Disarray {vorpal, Dex+2}
rCold   . . .      Faith    .    (shield currently unavailable)
rNeg    . . .      Spirit   +    a - +0 robe
rPois   .          Reflect  .    (helmet restricted)
rElec   .          Harm     .    (no cloak)
rCorr   .          Rampage  .    (no gloves)
Will    .....                    (no boots)
Stlth   ++........               (no amulet)
HPRegen 0.27/turn                u - +4 ring of slaying
MPRegen 0.28/turn                i - ring of wizardry

@: no status effects
A: antennae 1, large bone plates 1, foul stench 1, magic shield, magic
regeneration
a: no special abilities


You were on level 6 of the Dungeon.
You visited 2 branches of the dungeon, and saw 7 of its levels.

You collected 271 gold pieces.

Inventory:

Hand Weapons
 y - the +2 glaive of Disarray (weapon) {vorpal, Dex+2}
   (You found it on level 4 of the Dungeon)

   It inflicts extra damage upon your enemies.
   Dex:       It affects your dexterity (+2).
Missiles
 m - 2 atropa-tipped darts
 t - 5 poisoned darts
Armour
 a - a +0 robe (worn)
 c - a +2 pair of boots
Jewellery
 d - a +6 ring of strength
 i - a ring of wizardry (right hand)
 u - a +4 ring of slaying (left hand)
 C - a +4 ring of evasion
Wands
 x - a wand of flame (19)
Scrolls
 g - a scroll of blinking {unknown}
 k - 3 scrolls of teleportation
 r - a scroll of enchant armour {unknown}
 s - 2 scrolls of poison {unknown}
 v - 2 scrolls of fog
 w - a scroll of enchant weapon {unknown}
 A - a scroll of immolation {unknown}
Potions
 b - 3 potions of magic
 e - a potion of brilliance
 f - a potion of mutation
 h - a potion of lignification
 l - a potion of might {unknown}
 n - a potion of haste {unknown}
 o - a potion of flight
 p - 3 potions of curing
 q - a potion of berserk rage {unknown}
 z - a potion of heal wounds {unknown}
 B - a potion of invisibility {unknown}


   Skills:
 - Level 1.7 Dodging
 - Level 1.7 Stealth
 + Level 4.9 Spellcasting
 + Level 7.0 Necromancy
 * Level 2.1 Ice Magic


You had 7 spell levels left.
You knew the following spells:

 Your Spells              Type           Power      Damage    Failure   Level
a - Necrotise             Necr           100%       1d9       1%          1
b - Vampiric Draining     Necr           29%        2d8       1%          3
c - Animate Dead          Necr           29%        N/A       3%          4

Your spell library contained the following spells:

 Spells                   Type           Power      Damage    Failure   Level
 Agony                    Necr           29%        N/A       9%          5
 Hailstorm                Conj/Ice       8%         3d4       11%         3
 Summon Guardian Golem    Hex/Summ       4%         N/A       16%         3
 Ice Form                 Ice/Tmut       8%         N/A       32%         4
 Simulacrum               Ice/Necr       10%        N/A       75%         6
 Orb of Destruction       Conj           2%         9d5       100%        7
 Spellforged Servitor     Conj/Summ      2%         N/A       100%        7


Dungeon Overview and Level Annotations

Branches:
Dungeon (6/15)             Temple (1/1) D:6

Altars:
Ashenzari
Dithmenos
Fedhas
Gozag
Makhleb
Nemelex Xobeh
Okawaru
Qazlal
Ru
Trog
Wu Jian
Xom
Yredelemnul


Innate Abilities, Weirdness & Mutations

You have a pair of small antennae on your head.
You are partially covered in large bone plates. (SH +4)
You may rarely emit foul miasma when damaged in melee.
When hurt, damage is shared between your health and your magic reserves.
You regenerate magic rapidly.


Message History

It was a potion of flight.
Your roots keep you in place.
The ice beast hits you.
* * * LOW HITPOINT WARNING * * *
The ice beast freezes you!
* * * LOW HITPOINT WARNING * * *
You feel better.
The ice beast hits you but does no damage.
Casting: Vampiric Draining (safe; 1% risk of failure)
Confirm with . or Enter, or press ? or * to list all spells.
You don't have enough magic to cast this spell.
Unknown command.
You hit the ice beast but do no damage.
The ice beast is lightly wounded.
The ice beast hits you but does no damage.
You barely miss the ice beast.
The ice beast is lightly wounded.
The ice beast hits you but does no damage. x2
You slash the ice beast!
The ice beast is severely wounded.
The ice beast hits you but does no damage. x2
You barely miss the ice beast.
The ice beast is severely wounded.
The ice beast hits you but does no damage. x2
You closely miss the ice beast.
The ice beast is severely wounded.
The ice beast hits you but does no damage.
You barely miss the ice beast.
The ice beast is severely wounded.
The ice beast hits you but does no damage.
The ice beast hits you.
* * * LOW HITPOINT WARNING * * *
The ice beast freezes you!
* * * LOW HITPOINT WARNING * * *
It was a potion of cancellation.
Your magical effects are unravelling.
You feel magically purged.
You feel less wooden.
Your +0 robe unmelds from your body.
The wight hits you from afar with a +3 trident of freezing!
You die...

#. ## ##. # ##.
... .## ##
###..#...##.. .
. #.....#.#..#
.. ######
#..#..#....#.#
#..z.z
#...##.Y..#..##
#.####
.......@.z....#
#
##..#....##...#
#
#.#....#..#...
# #.#..#.#.....
.
#..##...#..).#
#
##........####
########
#.########
#.......
#######.#
###.#####.
........##
#...# #.


You could see an ice beast and a wight.

Vanquished Creatures
  An ogre (D:5)
  2 scorpions
  2 hounds (D:4)
  An orc priest (D:3)
  A jelly (D:5)
  2 iguanas
  7 adders
  A white imp (D:5)
  2 dart slugs
  3 orcs
  5 bats
  3 endoplasms
  3 giant cockroaches
  4 goblins
  6 hobgoblins
  9 jackals
  4 kobolds
  5 quokkas
  8 ball pythons
  3 frilled lizards
  4 rats
76 creatures vanquished.

Vanquished Creatures (collateral kills)
  An orc priest (D:3)
  An orc (D:3)
2 creatures vanquished.

Vanquished Creatures (others)
  An orc zombie (D:3)
1 creature vanquished.

Grand Total: 79 creatures vanquished

Notes
Turn   | Place    | Note
-------+----------+-------------------------------------------
     0 | D:1      | PyroL the Demonspawn Necromancer began the quest for the
                  | Orb.
     0 | D:1      | Reached XP level 1. HP: 13/13 MP: 3/3
   254 | D:1      | Gained mutation: You regenerate magic rapidly. [demonic
                  | ancestry]
   254 | D:1      | Reached XP level 2. HP: 18/19 MP: 1/5
   594 | D:1      | You fall into a shaft and drop 1 floor!
   620 | D:2      | Reached skill level 5 in Necromancy
   620 | D:2      | Gained mutation: You may rarely emit foul miasma when
                  | damaged in melee. [demonic ancestry]
   620 | D:2      | Reached XP level 3. HP: 12/24 MP: 1/7
   648 | D:2      | Learned a level 3 spell: Vampiric Draining
   816 | D:2      | Found a burning altar of Makhleb.
  1128 | D:2      | Reached XP level 4. HP: 30/30 MP: 4/8
  1171 | D:2      | Learned a level 4 spell: Animate Dead
  1578 | D:3      | Found an opulent altar of Gozag.
  1578 | D:3      | Found a stormy altar of Qazlal.
  2337 | D:3      | Gained mutation: When hurt, damage is shared between your
                  | health and your magic reserves. [demonic ancestry]
  2337 | D:3      | Reached XP level 5. HP: 31/35 MP: 5/10
  2353 | D:3      | Reached skill level 6 in Necromancy
  2632 | D:4      | Identified the +2 glaive of Disarray {vorpal, Dex+2}
  2696 | D:4      | Gained mutation: You are partially covered in large bone
                  | plates. (SH +4) [demonic ancestry]
  2696 | D:4      | Reached XP level 6. HP: 31/41 MP: 2/12
  3236 | D:5      | Entered Level 5 of the Dungeon
  3832 | D:5      | Reached skill level 1 in Ice Magic
  4445 | D:6      | Found a broken altar of Ashenzari.
  4558 | D:6      | Found a staircase to the Ecumenical Temple.
  4561 | D:6      | Noticed an ice beast
  4567 | Temple   | Entered the Ecumenical Temple
  4571 | Temple   | Reached skill level 7 in Necromancy
  4571 | Temple   | Gained mutation: You have a pair of small antennae on your
                  | head. [demonic ancestry]
  4571 | Temple   | Reached XP level 7. HP: 45/46 MP: 3/14
  4630 | D:6      | Slain by a wight

Illustrated notes

Levels and vault maps discovered:
D:1:      onia_arrival_mini_spirals, layout_basic
D:2:      layout_loops_ring, basic_altar, roderic_lattice_a
D:3:      layout_loops_corners, jmf_multi_god_temple
D:4:      layout_loops_ring
D:5:      layout_basic, elyvilon_altar_1
D:6:      layout_loops_ring, ashenzari_conservatory_becter,
          mainiacjoe_overflow_concentric_impassable,
          minmay_temple_entry_mini_moons
Temple:   minmay_freezing_vapour_temple

Skill      XL: |  1  2  3  4  5  6 |
---------------+-------------------+-----
Necromancy     | 5 6 7 |  7.0
Spellcasting   | 3 4 |  4.9
Ice Magic      | 2 |  2.1
Dodging        | |  1.7
Stealth        | |  1.7

Action                   |  1- 3 |  4- 6 |  7- 9 || total
-------------------------+-------+-------+-------++-------
Melee: Spear             |    45 |    15 |       ||    60
       Glaive            |       |     7 |     6 ||    13
 Cast: Necrotise         |    62 |    76 |       ||   138
       Vampiric Draining |       |    12 |     1 ||    13
       Animate Dead      |       |     2 |       ||     2
  Use: Scroll            |       |     6 |       ||     6
       Potion            |       |       |     4 ||     4
Armor: Robe              |    10 |     3 |       ||    13
       Skin              |       |       |    11 ||    11
Dodge: Dodged            |    47 |    15 |       ||    62
Block: Other             |       |     4 |       ||     4

Table legend: (Time is in decaauts)
 A = Elapsed time spent in this place.
 B = Non-inter-level travel time spent in this place.
 C = Inter-level travel time spent in this place.
 D = Time resting spent in this place.
 E = Time spent auto-exploring this place.
 F = Levels seen in this place.
 G = Mean time per level.
                   A        B        C        D        E       F      G
               +--------+--------+--------+--------+--------+-----+--------+
         Total |   4643 |   4520 |    123 |    115 |   3753 |   7 |  663.3 |
       Dungeon |   4591 |   4468 |    123 |     78 |   3753 |   6 |  765.2 |
        Temple |     51 |     51 |      0 |     37 |      0 |   1 |   51.0 |
               +--------+--------+--------+--------+--------+-----+--------+

Top non-repeatable levels by time:
     D:5: 1112 daAuts
     D:3: 1037 daAuts
     D:2: 807 daAuts
     D:4: 800 daAuts
     D:1: 596 daAuts
     D:6: 237 daAuts
  Temple: 51 daAuts
